 Dungeon Crawl Stone Soup version 0.29.1-15-g9cfb28693d (webtiles) character file.

Game seed: 11105545704596238522

3 leafyfresh the Sneak (level 1, -2/16 HPs)
             Began as an Octopode Delver on Mar 4, 2023.
             Splashed by a jelly's acid (3 damage)
             ... on level 5 of the Dungeon.
             The game lasted 00:00:10 (52 turns).

leafyfresh the Sneak (Octopode Delver)                Turns: 52, Time: 00:00:11

Health: -2/16      AC: -3    Str: 11    XL:     1   Next: 50%
Magic:  1/1        EV: 13    Int: 12    God:
Gold:   26         SH:  0    Dex: 13    Spells: 0/0 levels left

rFire   . . .      SeeInvis .   a - +0 short sword
rCold   . . .      Faith    .   (no shield)
rNeg    . . .      Spirit   .   (helmet restricted)
rPois   .          Reflect  .   (no amulet)
rElec   .          Harm     .   (no ring)
rCorr   .          Rampage  .   (no ring)
Will    .....                   (no ring)
Stlth   ++++......              (no ring)
HPRegen 0.05/turn               (no ring)
MPRegen 0.07/turn               (no ring)
                                (no ring)
                                (no ring)

@: corroded
A: almost no armour, amphibious, 8 rings, camouflage 1, gelatinous body 1,
(nimble swimmer 1), tentacles
a: no special abilities


You were on level 5 of the Dungeon.
You visited 1 branch of the dungeon, and saw 1 of its levels.

You collected 26 gold pieces.

Inventory:

Hand Weapons
 a - a +0 short sword (weapon)
Wands
 f - a wand of digging (3)
Scrolls
 b - a scroll of fog
 c - a scroll of magic mapping
 d - a scroll of fear
 g - a scroll of vulnerability {unknown}
Potions
 e - a potion of haste


   Skills:
 + Level 3.0 Fighting
 - Level 2.0 Short Blades
 + Level 2.1 Dodging
 + Level 6.7 Stealth


You couldn't memorise any spells.
You didn't know any spells.
Your spell library was empty.

Dungeon Overview and Level Annotations

Branches:
Dungeon (5/15)
 Temple: D:4-7

Altars:


Innate Abilities, Weirdness & Mutations

You cannot wear most types of armour.
You are amphibious.
You can wear up to eight rings at the same time.
Your skin changes colour to match your surroundings (Stealth+).
Your rubbery body absorbs attacks. (AC +1, EV +1)
((You are camouflaged when in or above water. (Stealth+)))
You have tentacles for arms and can constrict up to eight enemies at once.


Message History

Welcome, leafyfresh the Octopode Delver.
Will you be the one to retrieve the glorious Orb of Zot from the depths?
Press ? for a list of commands and other information.
Found 15 gold pieces and a chain mail.
Found a stone staircase leading down.
A worm comes into view.
A worm is nearby!
A worm is nearby!
Found a scroll labelled CAOSTIVV APLA.
A worm is nearby!
Found a club.
Found 11 gold pieces.
The helpless worm fails to defend itself.
You puncture the worm! Your grab misses the worm.
The worm is heavily wounded.
You hit the worm. You grab the worm. You squeeze the worm!
You kill the worm!
g - a scroll labelled CAOSTIVV APLA No target in view!
You now have 11 gold pieces.
You now have 26 gold pieces (gained 15).
Found a robe.
Key pressed, stopping explore.
No target in view!
A jelly comes into view.
Found 12 gold pieces.
A jelly is nearby!
You hit the jelly but do no damage.
Your tentacles burn!
The jelly hits you but does no damage.
You completely miss the jelly. You squeeze the jelly!
The jelly is heavily wounded.
The jelly closely misses you.
You hit the jelly.
Your tentacles burn!
The jelly is severely wounded.
The jelly hits you. The acid corrodes you!
You are splashed with acid!
Ouch! That really hurt!
* * * LOW HITPOINT WARNING * * *
You hit the jelly but do no damage.
Your tentacles burn!
You die...

....##..#####..#
..............# #####
..........##..#####.....
........[.###..#........
..........# ##..........
..........# #..........
..........# #.......[..
...>......# #..........
..........# #..@.......
..........# ##.J.......
..........# #.........
..........# #...$....#
..........# #..#####..
#.........# #..# #.
########### #.## #.


You could see a jelly.

Vanquished Creatures
  A worm (D:5)
1 creature vanquished.

Notes
Turn   | Place    | Note
-------+----------+-------------------------------------------
     0 | D:5      | leafyfresh the Octopode Delver began the quest for the Orb.
     0 | D:5      | Reached XP level 1. HP: 16/16 MP: 1/1
    44 | D:5      | Noticed a jelly
    52 | D:5      | Splashed by a jelly's acid

Illustrated notes

Levels and vault maps discovered:
D:5:      layout_cave_pods

Action                   || total
-------------------------++-------
Melee: Short sword       ||     6
       Tentacles         ||     2
       Constrict         ||     1
 Stab: Sleeping          ||     1
Armor: Skin              ||     1
Dodge: Dodged            ||     1
